 Dungeon Crawl Stone Soup version 0.20-a0-870-g4070442 (webtiles) character file.

109 4thArraOfDagon the Bolt Thrower (level 4, -5/28 HPs)
             Began as an Octopode Arcane Marksman on Mar 13, 2017.
             Killed from afar by Blork the orc (8 damage)
             ... with a puff of flame
             ... on level 5 of the Dungeon.
             The game lasted 00:02:09 (379 turns).

4thArraOfDagon the Bolt Thrower (OpAM)               Turns: 379, Time: 00:02:10

Health: -5/28      AC:  1    Str:  8 (9)  XL:     4   Next: 90%
Magic:  5/5        EV: 13    Int: 16      God:
Gold:   10         SH:  0    Dex: 11 (12) Spells: 4/5 levels left

rFire    . . .     SeeInvis .   a - +0 hand crossbow
rCold    . . .     Gourm    .   (no shield)
rNeg     . . .     Faith    .   (helmet restricted)
rPois    .         Spirit   .   (no amulet)
rElec    .         Reflect  .   (no ring)
rCorr    .         Harm     .   (no ring)
MR       .....                  (no ring)
Stlth    ++........             (no ring)
Regen    0.1/turn               (no ring)
MPRegen  0.1/turn               (no ring)
                                (no ring)
                                (no ring)

@: no status effects
A: almost no armour, stealthy swim, amphibious, 8 rings, constrict 8, camouflage
1, gelatinous body 1
a: no special abilities


You were on level 5 of the Dungeon.
You were not hungry.

You visited 1 branch of the dungeon, and saw 5 of its levels.

You collected 10 gold pieces.

Inventory:

Hand Weapons
 a - a +0 hand crossbow (weapon)
Missiles
 c - 2 bolts (quivered)
Books
 e - a book of Debilitation

   Spells                             Type                      Level
   a - Corona                         Hexes                        1
   b - Slow                           Hexes                        2
   c - Inner Flame                    Hexes/Fire                   3
   d - Portal Projectile              Hexes/Translocation          3
   e - Cause Fear                     Hexes                        4
   f - Leda's Liquefaction            Hexes/Earth                  4
Comestibles
 b - a royal jelly
 d - a bread ration


   Skills:
 - Level 1.0 Fighting
 + Level 4.9 Crossbows
 - Level 2.0 Dodging
 - Level 1.0 Spellcasting
 - Level 3.0 Hexes


You had 4 spell levels left.
You knew the following spells:

 Your Spells              Type           Power        Failure   Level  Hunger
a - Corona                Hex            ##.....      10%         1    ##.....


Dungeon Overview and Level Annotations

Branches:
Dungeon (5/15)
 Temple: D:4-7

Altars:

Annotations:
D:5 Blork the orc


Innate Abilities, Weirdness & Mutations

You cannot wear most types of armour.
You are very stealthy in the water. (Stealth+)
You are amphibious.
You can wear up to eight rings at the same time.
You can use your tentacles to constrict eight enemies at once.
Your skin changes colour to match your surroundings (Stealth+).
Your rubbery body absorbs attacks. (AC +1, EV +1)


Message History

Aim: Blork the orc, wielding a long sword and wearing a runed robe (moderately wounded)
You shoot a bolt. The bolt hits Blork the orc.
Blork the orc is moderately wounded.
Blork the orc begins to cast a cantrip, but forgets the words!
Firing (i - inventory):
c - 4 bolts (quivered)
Press: ? - help, Shift-Dir - straight line, f/p - Blork the orc
Aim: Blork the orc, wielding a long sword and wearing a runed robe (moderately wounded)
You shoot a bolt. The bolt hits Blork the orc!
Blork the orc is severely wounded.
Blork the orc casts a spell at you. The puff of frost hits you!
* * * LOW HITPOINT WARNING * * *
Unknown command.
Firing (i - inventory):
c - 3 bolts (quivered)
Press: ? - help, Shift-Dir - straight line, f/p - Blork the orc
Aim: Blork the orc, wielding a long sword and wearing a runed robe (severely wounded)
You shoot a bolt. The bolt closely misses Blork the orc.
Blork the orc casts a spell at you. The puff of flame hits you!
You die...

########+###
#...#......#
+..@#......#
#..o#...(.(#
#...(...(..'...
#..[#.....(####
##########...#.....(...
.............#.......(..
.......<.....#..........
..##..##.....+..........
#+ #.....#..........


You could see Blork the orc.

Vanquished Creatures
  A howler monkey (D:5)
  An orc wizard (D:3)
  2 adders
  A dart slug (D:1)
  A worm (D:2)
  5 orcs (D:3)
  2 bats (D:2)
  2 goblins (D:1)
  A hobgoblin (D:1)
  A frilled lizard (D:1)
  A kobold (D:1)
  4 rats
22 creatures vanquished.

Notes
Turn   | Place    | Note
-------+----------+-------------------------------------------
     0 | D:1      | 4thArraOfDagon the Octopode Arcane Marksman began the quest for the Orb.
     0 | D:1      | Reached XP level 1. HP: 13/13 MP: 2/2
    71 | D:1      | Reached XP level 2. HP: 18/18 MP: 3/3
   129 | D:2      | Reached skill level 3 in Crossbows
   187 | D:2      | Reached XP level 3. HP: 22/23 MP: 4/4
   229 | D:3      | Reached skill level 4 in Crossbows
   229 | D:3      | Reached XP level 4. HP: 16/28 MP: 5/5
   347 | D:5      | Entered Level 5 of the Dungeon
   364 | D:5      | Noticed Blork the orc
   379 | D:5      | Killed from afar by Blork the orc

Vault maps used:
D:1:      dpeg_arrival_oval
D:4:      lemuel_round_altar, first_bread
D:5:      serial_shops, kennysheep_mini_moat, supply_closet_lemuel,
          grunt_ashenzari_visionary, uniq_blork_the_orc

Skill      XL: |  1  2  3 |
---------------+----------+-----
Crossbows      | 3 4 |  4.9
Fighting       | |  1.0
Dodging        | |  2.0
Spellcasting   | |  1.0
Hexes          | |  3.0

Action                   |  1- 3 |  4- 6 || total
-------------------------+-------+-------++-------
 Fire: Hand crossbow     |    37 |    31 ||    68
  Use: Potion            |       |     2 ||     2
Armor: Skin              |     2 |       ||     2
Dodge: Dodged            |    10 |     3 ||    13
